 Dungeon Crawl Stone Soup version 0.30-a0-777-ga9a30cbeda (webtiles) character file.

Game seed: 394014884108847339

352 retardedninja the Cudgeller (level 6, -13/39 HPs)
             Began as a Gargoyle Fighter on Feb 14, 2023.
             Blown up by Ijyb (17 damage)
             ... with a mindburst bolt
             ... on level 3 of the Dungeon.
             The game lasted 00:03:45 (3343 turns).

retardedninja the Cudgeller (Gargoyle Fighter)      Turns: 3343, Time: 00:03:46

Health: -13/39     AC: 14    Str: 21    XL:     6   Next: 62%
Magic:  6/6        EV:  7    Int:  9    God:
Gold:   127        SH:  4    Dex:  9    Spells: 5/5 levels left

rFire   . . .      SeeInvis .    a - +0 flail
rCold   . . .      Faith    .    c - +0 buckler
rNeg    + . .      Spirit   .    o - +0 chain mail
rPois   ∞          Reflect  .    (no helmet)
rElec   +          Harm     .    (no cloak)
rCorr   .          Rampage  .    (no gloves)
Will    .....                    (no boots) Stlth
                                 (no amulet)
HPRegen 0.26/turn                (no ring)
MPRegen 0.10/turn                (no ring)

@: no status effects
A: sickness immunity, AC +4, negative energy resistance 1, electricity
resistance, torment resistance 1, petrification resistance
a: no special abilities


You were on level 3 of the Dungeon.
You visited 1 branch of the dungeon, and saw 3 of its levels.

You collected 127 gold pieces.

Inventory:

Hand Weapons
 a - a +0 flail (weapon)
Missiles
 p - 3 silver boomerangs (quivered)
Armour
 c - a +0 buckler (worn)
 o - a +0 chain mail (worn)
Wands
 d - a wand of flame (8)
Scrolls
 e - 3 scrolls of identify {unknown}
 h - a scroll of amnesia {unknown}
 i - a scroll of poison {unknown}
 k - a scroll of enchant armour {unknown}
 l - a scroll of teleportation {unknown}
 m - a scroll of fear {unknown}
 n - a scroll of magic mapping {unknown}
Potions
 f - a potion of lignification {unknown}
 g - a potion of heal wounds {unknown}
 j - 2 potions of invisibility {unknown}


   Skills:
 + Level 4.5 Fighting
 * Level 4.6 Maces & Flails
 + Level 4.5 Armour
 + Level 4.5 Shields


You had 5 spell levels left.
You didn't know any spells.
Your spell library contained the following spells:

 Spells                   Type           Power      Damage    Failure   Level
 Vhi's Electric Charge    Tloc/Air       0%         N/A       100%        3
 Arcjolt                  Conj/Air       0%         1d10      100%        5
 Maxwell's Capacitive Co  Air            0%         ∞         100%        8


Dungeon Overview and Level Annotations

Branches:
Dungeon (3/15)

Altars:

Annotations:
D:3 2 transporters, Ijyb; Rudyous's ghost, amateur HOFi


Innate Abilities, Weirdness & Mutations

You are immune to sickness and miasma.
Your stone body is resilient. (AC +4)
You are immune to poison.
You resist negative energy. (rN+)
You are resistant to electric shocks. (rElec)
You are resistant to unholy torment.
You are immune to petrification.


Message History

j - 2 bubbling inky potions (gained 1) Key pressed, stopping explore.
Key pressed, stopping explore.
Key pressed, stopping explore.
No target in view!
Key pressed, stopping explore.
Found a short sword.
Ijyb the Twisted Goblin comes into view.
She is wielding a +5 dagger of pain and carrying a wand of mindburst (22).
Ijyb shouts!
Ijyb is nearby!
Ijyb is nearby!
Ijyb zaps a wand.
Your mind is blasted!
Ijyb hits you with a +5 dagger of pain!
You hit Ijyb but do no damage. Ijyb hits you but does no damage.
You hit Ijyb.
Ijyb is moderately wounded.
Ijyb screams, "Me very upset!"
You block Ijyb's attack. x2
You hit Ijyb but do no damage.
Ijyb is moderately wounded.
Ijyb hits you with a +5 dagger of pain!
* * * LOW HITPOINT WARNING * * *
You barely miss Ijyb.
Ijyb is moderately wounded.
Ijyb hits you but does no damage.
You barely miss Ijyb.
Ijyb is moderately wounded.
Ijyb screams, "Me very upset!"
Ijyb hits you with a +5 dagger of pain.
* * * LOW HITPOINT WARNING * * *
You sock Ijyb!
Ijyb is heavily wounded.
Ijyb hits you but does no damage.
You closely miss Ijyb.
Ijyb is heavily wounded.
Ijyb hits you but does no damage.
Ijyb zaps a wand.
You barely resist. You hit Ijyb.
Ijyb is severely wounded.
Ijyb zaps a wand.
Your mind is blasted!
You die...

.⌠.<.#...#####.####...##....#####
.....#...# #.# ##.>.#.##......
...⌠##...#####.#####.....###.....
...##....#........##....## #.....
#.###....#........###..## #.....
#.###<...#........# #.## ######
#........#....)...###.#
##########............#
#......@.##### #......g.#
#........# #........# #........#
##########


You could see Ijyb.

Vanquished Creatures
  Sigmund (D:2)
  An ogre (D:3)
  Jessica (D:2)
  Robin (D:3)
  2 dart slugs
  3 orcs (D:3)
  6 endoplasms
  A giant cockroach (D:2)
  11 goblins
  8 hobgoblins
  A quokka (D:1)
  5 ball pythons
  3 bats
  3 frilled lizards
  5 kobolds
  3 rats
55 creatures vanquished.

Notes
Turn   | Place    | Note
-------+----------+-------------------------------------------
     0 | D:1      | retardedninja the Gargoyle Fighter began the quest for the
                  | Orb.
     0 | D:1      | Reached XP level 1. HP: 14/14 MP: 1/1
   320 | D:1      | Reached XP level 2. HP: 16/19 MP: 2/2
   793 | D:2      | Identified the +4 falchion "Enywy" {elec, rF+ MP+9}
   857 | D:2      | Reached XP level 3. HP: 23/23 MP: 3/3
  1123 | D:2      | Noticed Sigmund
  1139 | D:2      | Killed Sigmund
  1140 | D:2      | Reached XP level 4. HP: 4/29 MP: 4/4
  1140 | D:2      | Reached XP level 5. HP: 5/33 MP: 5/5
  1575 | D:2      | Noticed Jessica
  1581 | D:2      | Killed Jessica
  1618 | D:2      | Reached XP level 6. HP: 35/38 MP: 6/6
  2221 | D:3      | Found a transporter.
  2222 | D:3      | Found a transporter.
  2222 | D:3      | Noticed Rudyous's ghost (amateur HOFi)
  2312 | D:3      | Noticed Robin
  2696 | D:3      | Killed Robin
  3330 | D:3      | Noticed Ijyb
  3343 | D:3      | Blown up by Ijyb

Illustrated notes

Levels and vault maps discovered:
D:1:      wander_arrival_lonely_grave, layout_basic, minmay_hedge_maze
D:2:      layout_loops_corners, grunt_ministairs_14, uniq_sigmund, uniq_jessica
D:3:      layout_rooms, serial_corexii_hall, chequers_hall_statues_corner_a,
          chequers_hall_statues_wall_a, gammafunk_ghost_smash,
          grunt_ministairs_7, uniq_robin, uniq_ijyb

Skill      XL: |  1  2  3  4  5 |
---------------+----------------+-----
Fighting       | 4 |  4.5
Maces & Flails | 3 4 |  4.6
Armour         | 4 |  4.5
Shields        | 4 |  4.5

Action                     |  1- 3 |  4- 6 || total
---------------------------+-------+-------++-------
  Melee: Flail             |    70 |   105 ||   175
  Evoke: Wand              |       |     3 ||     3
    Use: Potion            |     1 |       ||     1
 Armour: Scale mail        |    35 |    51 ||    86
         Chain mail        |       |     5 ||     5
  Dodge: Dodged            |    28 |    53 ||    81
  Block: Buckler           |     5 |    36 ||    41

Table legend: (Time is in decaauts)
 A = Elapsed time spent in this place.
 B = Non-inter-level travel time spent in this place.
 C = Inter-level travel time spent in this place.
 D = Time resting spent in this place.
 E = Time spent auto-exploring this place.
 F = Levels seen in this place.
 G = Mean time per level.
                   A        B        C        D        E       F      G
               +--------+--------+--------+--------+--------+-----+--------+
         Total |   3388 |   3295 |     93 |   1096 |   1731 |   3 | 1129.3 |
       Dungeon |   3388 |   3295 |     93 |   1096 |   1731 |   3 | 1129.3 |
               +--------+--------+--------+--------+--------+-----+--------+

Top non-repeatable levels by time:
     D:2: 1673 daAuts
     D:3: 907 daAuts
     D:1: 807 daAuts
